Sewer Rats vs Demolitions
(R1)
Created - April 10, 2019 at 19:00
Goals
|
| Sewer Rats |
2 |
1 |
3 |
1 |
7 |
| Demolitions |
2 |
2 |
2 |
0 |
6 |
|
Shots
|
| Sewer Rats |
14 |
6 |
14 |
1 |
35 |
| Demolitions |
9 |
11 |
13 |
0 |
33 |
|
1st period
1. Demolitions , Erik Cole 38 (Spencer Machacek 43, James Wright 14) at 0:08
2. Demolitions , Michael Latta 26 (Spencer Machacek 44, Erik Cole 39) at 10:06
3. Sewer Rats , Tomas Tatar 38 (Steven Kampfer 45, Mark Mancari 51) at 11:52
4. Sewer Rats , Erik Condra 22 (Vincent Trocheck 42, Jonathan Marchessault 44) at 17:45
Penalties :
Mark Mancari (Tol) for Hooking (Minor) at 18:22
2nd period
5. Demolitions , Dennis Everberg 21 (Michael Latta 67, Seth Helgeson 20) at 0:09 (PP)
6. Demolitions , Dennis Everberg 22 (Michael Latta 68) at 18:23 (PP)
7. Sewer Rats , Vincent Trocheck 25 (Erik Condra 15, Steven Kampfer 46) at 19:16
Penalties :
Dennis Everberg (Vic) for Checking from behind (Minor) at 8:21, Connor Carrick (Tol) for Interference (Minor) at 10:38, Derek Forbort (Vic) for Roughing (Minor) at 13:01, Daniel Carr (Tol) for High sticking (Minor) at 17:18
3rd period
8. Demolitions , Dennis Everberg 23 (Michael Latta 69) at 3:08
9. Sewer Rats , William Karlsson 22 (Martin Frk 21, Steven Kampfer 47) at 3:43
10. Sewer Rats , Steven Kampfer 12 (Vincent Trocheck 43, Antoine Bibeau) at 8:21 (PP)
11. Sewer Rats , Joel Edmundson 1 (Daniel Carr 34) at 15:47 (PP)
12. Demolitions , James Wright 7 (Seth Helgeson 21, Jonathan Blum 52) at 17:04
Penalties :
Spencer Machacek (Vic) for Interference (Minor) at 7:43, Corban Knight (Vic) for Hooking (Minor) at 15:15, Tomas Tatar (Tol) for Hooking (Minor) at 16:26, Spencer Machacek (Vic) for Hooking (Minor) at 16:55
Overtime #1
13. Sewer Rats , Erik Condra 23 (Mark Mancari 52) at 0:10
Penalties :
No Penalty
Goalie Stats
Marek Mazanek (Tol), 19 saves from 24 shots - (0.792), 43:08 minutes
Antoine Bibeau (Tol), 8 saves from 9 shots - (0.889), W, 4-7-3, 17:02 minutes
Connor Hellebyuk (Vic), 28 saves from 35 shots - (0.800), OTL, 22-16-5, 60:10 minutes
Players Stats for Sewer Rats
Player Name G A P +/- PIM S H SB GA TA FO MP PP MP PK MP
------------------------------------------------------------------------------------
Anthony Duclair 0 0 0 1 0 0 1 1 0 0 0/0 9:56 0:00 0:00
Connor Carrick 0 0 0 0 2 0 0 3 0 0 0/0 10:11 0:00 0:00
Daniel Carr 0 1 1 0 2 1 0 0 1 0 0/1 15:39 2:21 0:53
Dmitrij Jaskin 0 0 0 0 0 1 0 0 0 0 0/0 8:12 0:00 0:00
Erik Condra 2 1 3 0 0 3 4 2 1 1 0/1 19:05 2:21 3:09
Jarred Tinordi 0 0 0 1 0 3 4 2 0 0 0/0 27:31 3:18 3:13
Joel Edmundson 1 0 1 0 0 3 2 1 0 1 0/0 19:19 2:19 2:07
John Ramage 0 0 0 0 0 1 0 2 0 1 0/0 19:19 2:19 2:07
Jonathan Marchessault 0 1 1 0 0 1 3 0 0 0 15/29 21:23 3:16 0:58
Joseph Blandisi 0 0 0 0 0 0 0 0 0 0 0/0 8:12 0:00 0:00
Mark Mancari 0 2 2 0 2 2 1 0 1 1 4/7 23:05 2:47 2:13
Martin Frk 0 1 1 1 0 3 4 0 0 0 1/1 10:08 0:00 0:00
Nick Cousins 0 0 0 0 0 1 2 0 0 0 2/7 9:37 0:00 1:25
Ryan Murphy 0 0 0 0 0 0 2 1 0 0 0/0 10:01 0:00 0:00
Steven Kampfer 1 3 4 1 0 6 2 3 1 2 0/0 30:48 3:18 3:13
Tomas Tatar 1 0 1 0 2 5 2 1 0 0 0/1 21:12 3:16 0:59
Vincent Trocheck 1 2 3 0 0 1 1 0 2 0 4/12 15:43 2:21 0:55
William Karlsson 1 0 1 1 0 4 1 0 0 1 1/6 11:05 0:29 0:08
Xavier Ouellet 0 0 0 0 0 0 0 0 0 0 0/0 3:19 0:00 0:00
Players Stats for Demolitions
Player Name G A P +/- PIM S H SB GA TA FO MP PP MP PK MP
------------------------------------------------------------------------------------
Aaron Palushaj 0 0 0 -1 0 0 0 0 0 0 0/0 9:10 0:12 0:00
Andrej Nestrasil 0 0 0 0 0 0 0 0 0 0 0/0 1:23 0:12 0:29
Billy Sweat 0 0 0 0 0 1 0 0 0 0 2/2 8:23 0:00 0:29
Brandon McMillan 0 0 0 -1 0 0 2 2 1 0 0/0 8:50 0:00 0:00
Cameron Schilling 0 0 0 -1 0 1 0 4 0 0 0/0 19:46 2:00 2:14
Corban Knight 0 0 0 -1 2 0 1 0 0 0 2/2 12:02 2:05 1:08
Dennis Everberg 3 0 3 -1 2 3 0 0 0 0 1/1 17:36 3:03 0:42
Derek Forbort 0 0 0 0 2 0 0 0 1 0 0/0 11:28 0:00 0:00
Erik Cole 1 1 2 1 0 4 1 0 1 1 0/1 19:04 0:00 0:16
James Wright 1 1 2 1 0 4 5 2 1 0 28/45 24:45 3:03 2:54
Joel Vermin 0 0 0 0 0 2 2 0 0 0 0/0 7:21 0:12 0:00
Jonathan Blum 0 1 1 0 0 4 1 1 1 3 0/0 29:01 3:20 3:23
Lane MacDermid 0 0 0 -1 0 0 1 2 0 0 0/0 16:44 2:05 1:12
Michael Latta 1 3 4 -1 0 2 3 0 0 1 3/9 19:28 3:03 2:58
Nick Shore 0 0 0 0 0 0 0 0 0 0 0/0 0:00 0:00 0:00
Phil McRae 0 0 0 0 0 2 0 0 0 0 2/3 7:01 0:00 0:00
Robert Bortuzzo 0 0 0 -1 0 0 0 0 0 0 0/0 19:46 2:00 2:14
Seth Helgeson 0 2 2 0 0 2 1 1 0 1 0/0 29:01 3:20 3:23
Spencer Machacek 0 2 2 1 4 8 8 0 2 0 0/2 21:16 2:04 1:06
Taylor Aronson 0 0 0 0 0 0 0 1 0 0 0/0 11:23 0:00 0:00
3 Stars
1 - Steven Kampfer (Tol)
2 - Erik Condra (Tol)
3 - Michael Latta (Vic)
Power Play
Sewer Rats - 2 on 5 Attempt(s) - 40.00%
Demolitions - 2 on 5 Attempt(s) - 40.00%
Penalty Kill
Sewer Rats - 3 on 5 Attempt(s) - 60.00%
- Score 0 goal in Penalty Kill
Demolitions - 3 on 5 Attempt(s) - 60.00%
- Score 0 goal in Penalty Kill
Team Stat
Sewer Rats - Hits : 29 - Faceoff Wins : 27 - Blocked Shots : 16 - Penalty Minutes : 8
Demolitions - Hits : 25 - Faceoff Wins : 38 - Blocked Shots : 13 - Penalty Minutes : 10
Official
Referees : Unknown
Linesman : Unknown
Game Notes
2:54 of 1st period - Penalty Shot by Joel Edmundson for Sewer Rats - Stopped by Connor Hellebyuk
Dennis Everberg has scored a Hat Trick!
Antoine Bibeau enters game at 3:08 of 3rd period
Finance
Level 1 -- Attendance: 1354 (67.70%) -- Ticket Income $35,204
Level 2 -- Attendance: 816 (81.60%) -- Ticket Income $7,344
Total Attendance: 2170 (72.33%)
Total Ticket Income: $42,548
Other Income: $2,127
Total Income: $44,675
Sewer Rats
5 vs 5 Forward
Center Left Wing Right Wing Time % Phy DF OF
1 Jonathan Marchessault Tomas Tatar Mark Mancari 40 1 2 2
2 Vincent Trocheck Daniel Carr Erik Condra 30 1 2 2
3 William Karlsson Anthony Duclair Martin Frk 20 1 2 2
4 Nick Cousins Joseph Blandisi Dmitrij Jaskin 10 1 2 2
5 vs 5 Defense
Defense Defense Time % Phy DF OF
1 Steven Kampfer Jarred Tinordi 40 1 2 2
2 Joel Edmundson John Ramage 30 1 2 2
3 Ryan Murphy Connor Carrick 20 1 2 2
4 Xavier Ouellet Steven Kampfer 10 1 2 2
PowerPlay Forward
Center Left Wing Right Wing Time % Phy DF OF
1 Jonathan Marchessault Tomas Tatar Mark Mancari 60 1 2 2
2 Vincent Trocheck Daniel Carr Erik Condra 40 1 2 2
PowerPlay Defense
Defense Defense Time % Phy DF OF
1 Steven Kampfer Jarred Tinordi 60 1 2 2
2 Joel Edmundson John Ramage 40 1 2 2
Penalty Kill 4 Players Forward
Center Wing Time % Phy DF OF
1 Mark Mancari Erik Condra 60 1 2 2
2 Tomas Tatar Jonathan Marchessault 40 1 2 2
Penalty Kill 4 Players Defense
Defense Defense Time % Phy DF OF
1 Steven Kampfer Jarred Tinordi 60 1 2 2
2 Joel Edmundson John Ramage 40 1 2 2
Penalty Kill - 3 Players Forward
Forward Time % Phy DF OF
1 Mark Mancari 60 1 2 2
2 Erik Condra 40 1 2 2
Penalty Kill - 3 Players Defense
Defense Defense Time % Phy DF OF
1 Steven Kampfer Jarred Tinordi 60 1 2 2
2 Joel Edmundson John Ramage 40 1 2 2
4 vs 4 Forward
Center Wing Time % Phy DF OF
1 Mark Mancari Erik Condra 60 1 2 2
2 Tomas Tatar Jonathan Marchessault 40 1 2 2
4 vs 4 Defense
Defense Defense Time % Phy DF OF
1 Steven Kampfer Jarred Tinordi 60 1 2 2
2 Joel Edmundson John Ramage 40 1 2 2
Last Minutes Offensive
Center Left Wing Right Wing Defense Defense
Jonathan Marchessault Tomas Tatar Mark Mancari Steven Kampfer Jarred Tinordi
Last Minutes Defensive
Center Left Wing Right Wing Defense Defense
Jonathan Marchessault Tomas Tatar Mark Mancari Steven Kampfer Jarred Tinordi
Goaltenders
Starting : Marek Mazanek
Backup : Antoine Bibeau
Extra Forwards
Normal : William Karlsson, Martin Frk, Nick Cousins - PP : William Karlsson, Martin Frk - PK : Nick Cousins
Extra Defensemen
Normal : Ryan Murphy, Connor Carrick, Xavier Ouellet - PP : Ryan Murphy - PK : Connor Carrick, Xavier Ouellet
Penalty Shots
Mark Mancari, Erik Condra, Tomas Tatar, Jonathan Marchessault, Vincent Trocheck
Scratches
Dominik Kubalik (Healthy), Matt Lashoff (Strained Right Knee Injury), Josh Archibald (Healthy), Jonathan Racine (Healthy), Tyler Motte (Healthy)
Chris Calhan (Healthy), Sergei Kostenko (Healthy)
Demolitions
5 vs 5 Forward
Center Left Wing Right Wing Time % Phy DF OF
1 James Wright Erik Cole Spencer Machacek 60 0 0 5
2 Michael Latta Lane MacDermid Dennis Everberg 26 0 0 5
3 Corban Knight Brandon McMillan Aaron Palushaj 10 0 3 2
4 Phil McRae Billy Sweat Joel Vermin 4 0 3 2
5 vs 5 Defense
Defense Defense Time % Phy DF OF
1 Jonathan Blum Seth Helgeson 50 0 0 5
2 Cameron Schilling Robert Bortuzzo 30 0 2 3
3 Taylor Aronson Derek Forbort 10 1 2 2
4 Jonathan Blum Seth Helgeson 10 0 0 5
PowerPlay Forward
Center Left Wing Right Wing Time % Phy DF OF
1 James Wright Michael Latta Dennis Everberg 75 0 0 5
2 Corban Knight Lane MacDermid Spencer Machacek 25 0 0 5
PowerPlay Defense
Defense Defense Time % Phy DF OF
1 Jonathan Blum Seth Helgeson 75 0 0 5
2 Cameron Schilling Robert Bortuzzo 25 0 0 5
Penalty Kill 4 Players Forward
Center Wing Time % Phy DF OF
1 James Wright Michael Latta 60 1 2 2
2 Spencer Machacek Dennis Everberg 40 1 2 2
Penalty Kill 4 Players Defense
Defense Defense Time % Phy DF OF
1 Jonathan Blum Seth Helgeson 60 1 2 2
2 Cameron Schilling Robert Bortuzzo 40 1 2 2
Penalty Kill - 3 Players Forward
Forward Time % Phy DF OF
1 James Wright 60 1 2 2
2 Erik Cole 40 1 2 2
Penalty Kill - 3 Players Defense
Defense Defense Time % Phy DF OF
1 Jonathan Blum Seth Helgeson 60 1 2 2
2 Cameron Schilling Robert Bortuzzo 40 1 2 2
4 vs 4 Forward
Center Wing Time % Phy DF OF
1 James Wright Erik Cole 60 1 2 2
2 Michael Latta Erik Cole 40 1 2 2
4 vs 4 Defense
Defense Defense Time % Phy DF OF
1 Jonathan Blum Seth Helgeson 60 1 2 2
2 Cameron Schilling Robert Bortuzzo 40 1 2 2
Last Minutes Offensive
Center Left Wing Right Wing Defense Defense
James Wright Erik Cole Spencer Machacek Jonathan Blum Seth Helgeson
Last Minutes Defensive
Center Left Wing Right Wing Defense Defense
James Wright Erik Cole Spencer Machacek Jonathan Blum Seth Helgeson
Goaltenders
Starting : Connor Hellebyuk
Backup : Karri Ramo
Extra Forwards
Normal : James Wright, Billy Sweat, Andrej Nestrasil - PP : Andrej Nestrasil, Joel Vermin - PK : Michael Latta
Extra Defensemen
Normal : Taylor Aronson, Derek Forbort, Cameron Schilling - PP : Taylor Aronson - PK : Derek Forbort, Cameron Schilling
Penalty Shots
Joel Vermin, Erik Cole, Spencer Machacek, Dennis Everberg, Lane MacDermid
Scratches
Alex Hutchings (Healthy), Ryan Olsen (Healthy), Thomas DiPauli (Healthy), JC Lipon (Healthy), Taylor Leier (Healthy)
Colton Sceviour (Healthy), Nick Pryor (Healthy), Jake Paterson (Healthy)
% Time on Ice - Sewer Rats
Lines # - Real PCT - Wanted PCT - Time Play
Normal Forward
1 - 36% - 40% - 16:58
2 - 26% - 30% - 12:27
3 - 21% - 20% - 9:56
4 - 17% - 10% - 8:12
Normal Defense
1 - 41% - 40% - 19:39
2 - 31% - 30% - 14:34
3 - 21% - 20% - 10:01
4 - 7% - 10% - 3:19
PP Forward
1 - 50% - 60% - 2:47
2 - 50% - 40% - 2:50
PP Defense
1 - 59% - 60% - 3:18
2 - 41% - 40% - 2:19
PK Forward
1 - 82% - 60% - 4:22
2 - 18% - 40% - 0:58
PK Defense
1 - 60% - 60% - 3:13
2 - 40% - 40% - 2:07
PK3 Forward
1 - 0% - 60%
2 - 0% - 40%
PK3 Defense
1 - 0% - 60%
2 - 0% - 40%
44 Forward
1 - 77% - 60% - 1:17
2 - 23% - 40% - 0:23
44 Defense
1 - 81% - 60% - 1:21
2 - 19% - 40% - 0:19
Last Minute Offensive - 0:00
Last Minute Defensive - 0:00
Total
Forward - 60:10
Defense - 60:10
|
% Time on Ice - Demolitions
Lines # - Real PCT - Wanted PCT - Time Play
Normal Forward
1 - 38% - 60% - 17:50
2 - 29% - 26% - 13:52
3 - 19% - 10% - 8:50
4 - 15% - 4% - 7:01
Normal Defense
1 - 44% - 50% - 20:44
2 - 32% - 30% - 15:01
3 - 24% - 10% - 11:23
4 - 1% - 10% - 0:25
PP Forward
1 - 61% - 75% - 3:15
2 - 39% - 25% - 2:05
PP Defense
1 - 63% - 75% - 3:20
2 - 38% - 25% - 2:00
PK Forward
1 - 78% - 60% - 4:24
2 - 22% - 40% - 1:13
PK Defense
1 - 60% - 60% - 3:23
2 - 40% - 40% - 2:14
PK3 Forward
1 - 0% - 60%
2 - 0% - 40%
PK3 Defense
1 - 0% - 60%
2 - 0% - 40%
44 Forward
1 - 100% - 60% - 1:40
2 - 0% - 40% - 0:00
44 Defense
1 - 69% - 60% - 1:09
2 - 31% - 40% - 0:31
Last Minute Offensive - 0:00
Last Minute Defensive - 0:00
Total
Forward - 60:10
Defense - 60:10
|
Play-by-Play
1st period
0:01 of 1st period - James Wright wins face-off versus Jonathan Marchessault in neutral zone.
0:08 of 1st period - Snap shot by Erik Cole.
0:08 of 1st period - Goal by Erik Cole - Sewer Rats : 0 - Demolitions : 1.
0:09 of 1st period - Vincent Trocheck wins face-off versus Michael Latta in neutral zone.
1:58 of 1st period - Snap shot by Martin Frk.
1:58 of 1st period - Shot Misses the Net.
2:22 of 1st period - Wrist shot by Brandon McMillan.
2:22 of 1st period - Shot Blocked by Connor Carrick.
2:28 of 1st period - Taylor Aronson is hit by Jonathan Marchessault and loses puck.
2:43 of 1st period - Snap shot by Erik Cole.
2:43 of 1st period - Stopped by Marek Mazanek without a rebound.
2:44 of 1st period - James Wright wins face-off versus Vincent Trocheck in Sewer Rats zone.
2:47 of 1st period - Slapshot by Spencer Machacek.
2:47 of 1st period - Stopped by Marek Mazanek without a rebound.
2:48 of 1st period - James Wright wins face-off versus Vincent Trocheck in Sewer Rats zone.
2:54 of 1st period - Penalty Shot by Joel Edmundson for Sewer Rats.
2:54 of 1st period - Snap shot by Joel Edmundson.
2:54 of 1st period - Stopped by Connor Hellebyuk.
2:55 of 1st period - James Wright wins face-off versus Jonathan Marchessault in Sewer Rats zone.
2:57 of 1st period - Slapshot by James Wright.
2:57 of 1st period - Deflect By Erik Cole.
2:57 of 1st period - Shot Misses the Net.
2:57 of 1st period - Puck is out of play.
2:58 of 1st period - James Wright wins face-off versus Jonathan Marchessault in Sewer Rats zone.
3:54 of 1st period - Snap shot by Billy Sweat.
3:54 of 1st period - Deflect By Phil McRae.
3:54 of 1st period - Shot Misses the Net.
3:54 of 1st period - Puck is out of play.
3:55 of 1st period - Jonathan Marchessault wins face-off versus James Wright in Sewer Rats zone.
3:55 of 1st period - Jonathan Marchessault is hit by James Wright.
4:05 of 1st period - Slapshot by Tomas Tatar.
4:05 of 1st period - Shot Misses the Net.
4:44 of 1st period - Snap shot by Daniel Carr.
4:44 of 1st period - Deflect By Vincent Trocheck.
4:44 of 1st period - Shot Misses the Net.
4:44 of 1st period - Puck is out of play.
4:45 of 1st period - James Wright wins face-off versus Vincent Trocheck in Demolitions zone.
5:17 of 1st period - Michael Latta is hit by Jonathan Marchessault and loses puck.
5:38 of 1st period - Wrist shot by Nick Cousins.
5:38 of 1st period - Stopped by Connor Hellebyuk without a rebound.
5:39 of 1st period - James Wright wins face-off versus Nick Cousins in Demolitions zone.
6:04 of 1st period - Connor Carrick is hit by Joel Vermin.
8:00 of 1st period - Icing by Spencer Machacek.
8:01 of 1st period - Corban Knight wins face-off versus Jonathan Marchessault in Demolitions zone.
9:05 of 1st period - Wrist shot by Dmitrij Jaskin.
9:05 of 1st period - Stopped by Connor Hellebyuk without a rebound.
9:06 of 1st period - Nick Cousins wins face-off versus Phil McRae in Demolitions zone.
9:38 of 1st period - Snap shot by Spencer Machacek.
9:38 of 1st period - Stopped by Marek Mazanek without a rebound.
9:39 of 1st period - Jonathan Marchessault wins face-off versus James Wright in Sewer Rats zone.
10:04 of 1st period - Wrist shot by Spencer Machacek.
10:04 of 1st period - Shot Misses the Net.
10:06 of 1st period - Snap shot by Michael Latta.
10:06 of 1st period - Goal by Michael Latta - Sewer Rats : 0 - Demolitions : 2.
10:07 of 1st period - James Wright wins face-off versus Jonathan Marchessault in neutral zone.
10:22 of 1st period - Icing by Tomas Tatar.
10:23 of 1st period - Jonathan Marchessault wins face-off versus Spencer Machacek in Sewer Rats zone.
11:05 of 1st period - Robert Bortuzzo is hit by Jarred Tinordi and loses puck.
11:12 of 1st period - Snap shot by Tomas Tatar.
11:12 of 1st period - Deflect By Corban Knight.
11:12 of 1st period - Stopped by Connor Hellebyuk with a rebound.
11:14 of 1st period - Backhand shot by Jarred Tinordi.
11:14 of 1st period - Shot Misses the Net.
11:16 of 1st period - Slapshot by Jarred Tinordi.
11:16 of 1st period - Deflect By Cameron Schilling.
11:16 of 1st period - Stopped by Connor Hellebyuk with a rebound.
11:38 of 1st period - Snap shot by Tomas Tatar.
11:38 of 1st period - Shot Blocked by Brandon McMillan.
11:52 of 1st period - Slapshot by Tomas Tatar.
11:52 of 1st period - Goal by Tomas Tatar - Sewer Rats : 1 - Demolitions : 2.
11:53 of 1st period - Vincent Trocheck wins face-off versus James Wright in neutral zone.
11:55 of 1st period - Off-side.
11:56 of 1st period - James Wright wins face-off versus Vincent Trocheck in neutral zone.
12:31 of 1st period - Wrist shot by Dennis Everberg.
12:31 of 1st period - Shot Blocked by John Ramage.
12:33 of 1st period - Snap shot by Seth Helgeson.
12:33 of 1st period - Stopped by Marek Mazanek without a rebound.
12:34 of 1st period - Vincent Trocheck wins face-off versus James Wright in Sewer Rats zone.
12:34 of 1st period - Vincent Trocheck is hit by Spencer Machacek.
13:26 of 1st period - Slapshot by Jonathan Blum.
13:26 of 1st period - Stopped by Marek Mazanek without a rebound.
13:27 of 1st period - James Wright wins face-off versus Daniel Carr in Sewer Rats zone.
13:30 of 1st period - Snap shot by James Wright.
13:30 of 1st period - Shot Misses the Net.
13:32 of 1st period - Slapshot by Seth Helgeson.
13:32 of 1st period - Shot Blocked by Erik Condra.
13:34 of 1st period - Snap shot by Erik Cole.
13:34 of 1st period - Shot Hit the Post.
13:36 of 1st period - Snap shot by Spencer Machacek.
13:36 of 1st period - Shot Blocked by Connor Carrick.
13:38 of 1st period - Wrist shot by Seth Helgeson.
13:38 of 1st period - Shot Blocked by Connor Carrick.
13:40 of 1st period - Snap shot by Erik Cole.
13:40 of 1st period - Stopped by Marek Mazanek with a rebound.
13:42 of 1st period - Snap shot by Spencer Machacek.
13:42 of 1st period - Stopped by Marek Mazanek without a rebound.
13:43 of 1st period - Jonathan Marchessault wins face-off versus James Wright in Sewer Rats zone.
13:48 of 1st period - Wrist shot by Tomas Tatar.
13:48 of 1st period - Stopped by Connor Hellebyuk with a rebound.
13:55 of 1st period - Jonathan Blum is hit by Joel Edmundson.
14:19 of 1st period - Slapshot by Corban Knight.
14:19 of 1st period - Shot Misses the Net.
14:37 of 1st period - Snap shot by Daniel Carr.
14:37 of 1st period - Shot Misses the Net.
14:39 of 1st period - Snap shot by Erik Condra.
14:39 of 1st period - Shot Blocked by Lane MacDermid.
14:53 of 1st period - Wrist shot by Dmitrij Jaskin.
14:53 of 1st period - Shot Misses the Net.
14:55 of 1st period - Slapshot by Steven Kampfer.
14:55 of 1st period - Stopped by Connor Hellebyuk with a rebound.
15:11 of 1st period - Snap shot by William Karlsson.
15:11 of 1st period - Stopped by Connor Hellebyuk with a rebound.
15:13 of 1st period - Slapshot by Steven Kampfer.
15:13 of 1st period - Stopped by Connor Hellebyuk with a rebound.
15:15 of 1st period - Slapshot by William Karlsson.
15:15 of 1st period - Stopped by Connor Hellebyuk with a rebound.
15:17 of 1st period - Wrist shot by Steven Kampfer.
15:17 of 1st period - Shot Blocked by Cameron Schilling.
15:19 of 1st period - Snap shot by Jarred Tinordi.
15:19 of 1st period - Stopped by Connor Hellebyuk with a rebound.
15:21 of 1st period - Slapshot by Steven Kampfer.
15:21 of 1st period - Stopped by Connor Hellebyuk with a rebound.
16:00 of 1st period - Nick Cousins is hit by Lane MacDermid.
16:34 of 1st period - Slapshot by Martin Frk.
16:34 of 1st period - Shot Blocked by Taylor Aronson.
16:36 of 1st period - Slapshot by Steven Kampfer.
16:36 of 1st period - Deflect By Martin Frk.
16:36 of 1st period - Stopped by Connor Hellebyuk with a rebound.
17:15 of 1st period - Icing by Joel Edmundson.
17:16 of 1st period - Jonathan Marchessault wins face-off versus James Wright in Sewer Rats zone.
17:16 of 1st period - Jonathan Marchessault is hit by Spencer Machacek.
17:30 of 1st period - Joel Edmundson is hit by James Wright and loses puck.
17:45 of 1st period - Slapshot by Erik Condra.
17:45 of 1st period - Goal by Erik Condra - Sewer Rats : 2 - Demolitions : 2.
17:46 of 1st period - James Wright wins face-off versus Vincent Trocheck in neutral zone.
18:22 of 1st period - Minor Penalty to Mark Mancari for Hooking.
18:23 of 1st period - James Wright wins face-off versus Nick Cousins in Sewer Rats zone.
18:23 of 1st period - Slapshot by Michael Latta.
18:23 of 1st period - Shot Blocked by Erik Condra.
18:49 of 1st period - Jonathan Blum is hit by Vincent Trocheck and loses puck.
19:00 of 1st period - John Ramage is hit by James Wright and loses puck.
Goals for this period are 2 for Sewer Rats vs 2 for Demolitions.
Shots for this period are 14 for Sewer Rats vs 9 for Demolitions.
2nd period
0:01 of 2nd period - James Wright wins face-off versus Nick Cousins in neutral zone.
0:09 of 2nd period - Snap shot by Dennis Everberg.
0:09 of 2nd period - Goal by Dennis Everberg - Sewer Rats : 2 - Demolitions : 3.
0:10 of 2nd period - Jonathan Marchessault wins face-off versus James Wright in neutral zone.
0:19 of 2nd period - Slapshot by Mark Mancari.
0:19 of 2nd period - Shot Blocked by James Wright.
0:25 of 2nd period - Snap shot by Jonathan Blum.
0:25 of 2nd period - Deflect By Spencer Machacek.
0:25 of 2nd period - Shot Blocked by Tomas Tatar.
0:25 of 2nd period - Puck is out of play.
0:26 of 2nd period - James Wright wins face-off versus Vincent Trocheck in Sewer Rats zone.
0:27 of 2nd period - Snap shot by Spencer Machacek.
0:27 of 2nd period - Stopped by Marek Mazanek with a rebound.
1:15 of 2nd period - Martin Frk is hit by Brandon McMillan and loses puck.
1:22 of 2nd period - Snap shot by Corban Knight.
1:22 of 2nd period - Shot Misses the Net.
1:24 of 2nd period - Slapshot by Corban Knight.
1:24 of 2nd period - Shot Misses the Net.
1:40 of 2nd period - Spencer Machacek is hit by Ryan Murphy and loses puck.
2:15 of 2nd period - Michael Latta is hit by Jonathan Marchessault and loses puck.
2:24 of 2nd period - Snap shot by Tomas Tatar.
2:24 of 2nd period - Shot Misses the Net.
2:26 of 2nd period - Wrist shot by Mark Mancari.
2:26 of 2nd period - Deflect By Michael Latta.
2:26 of 2nd period - Shot Misses the Net.
2:26 of 2nd period - Puck is out of play.
2:27 of 2nd period - James Wright wins face-off versus Vincent Trocheck in Demolitions zone.
3:39 of 2nd period - Snap shot by Tomas Tatar.
3:39 of 2nd period - Stopped by Connor Hellebyuk without a rebound.
3:40 of 2nd period - Jonathan Marchessault wins face-off versus James Wright in Demolitions zone.
3:54 of 2nd period - Erik Cole is hit by Steven Kampfer and loses puck.
4:07 of 2nd period - Erik Cole is hit by Martin Frk and loses puck.
4:26 of 2nd period - Wrist shot by Spencer Machacek.
4:26 of 2nd period - Stopped by Marek Mazanek with a rebound.
4:28 of 2nd period - Backhand shot by Jonathan Blum.
4:28 of 2nd period - Stopped by Marek Mazanek with a rebound.
4:30 of 2nd period - Snap shot by Spencer Machacek.
4:30 of 2nd period - Shot Blocked by Jarred Tinordi.
5:02 of 2nd period - Aaron Palushaj is hit by Ryan Murphy and loses puck.
5:09 of 2nd period - Wrist shot by Martin Frk.
5:09 of 2nd period - Shot Blocked by Brandon McMillan.
5:43 of 2nd period - Snap shot by Mark Mancari.
5:43 of 2nd period - Shot Blocked by Seth Helgeson.
5:55 of 2nd period - Snap shot by William Karlsson.
5:55 of 2nd period - Shot Misses the Net.
6:12 of 2nd period - Snap shot by Seth Helgeson.
6:12 of 2nd period - Shot Misses the Net.
6:14 of 2nd period - Slapshot by Seth Helgeson.
6:14 of 2nd period - Stopped by Marek Mazanek without a rebound.
6:15 of 2nd period - Phil McRae wins face-off versus Nick Cousins in Sewer Rats zone.
6:22 of 2nd period - Phil McRae is hit by Nick Cousins and loses puck.
6:57 of 2nd period - Icing by Jarred Tinordi.
6:58 of 2nd period - Nick Cousins wins face-off versus Michael Latta in Sewer Rats zone.
7:24 of 2nd period - Lane MacDermid is hit by Martin Frk and loses puck.
7:31 of 2nd period - Slapshot by William Karlsson.
7:31 of 2nd period - Stopped by Connor Hellebyuk with a rebound.
7:33 of 2nd period - Backhand shot by John Ramage.
7:33 of 2nd period - Stopped by Connor Hellebyuk without a rebound.
7:34 of 2nd period - Jonathan Marchessault wins face-off versus James Wright in Demolitions zone.
8:04 of 2nd period - Slapshot by Jonathan Blum.
8:04 of 2nd period - Shot Blocked by Jarred Tinordi.
8:06 of 2nd period - Snap shot by Erik Cole.
8:06 of 2nd period - Stopped by Marek Mazanek without a rebound.
8:07 of 2nd period - Jonathan Marchessault wins face-off versus Michael Latta in Sewer Rats zone.
8:07 of 2nd period - Jonathan Marchessault is hit by Michael Latta.
8:21 of 2nd period - Minor Penalty to Dennis Everberg for Checking from behind.
8:22 of 2nd period - James Wright wins face-off versus Jonathan Marchessault in Demolitions zone.
9:08 of 2nd period - Slapshot by Jonathan Blum.
9:08 of 2nd period - Stopped by Marek Mazanek with a rebound.
9:26 of 2nd period - Corban Knight is hit by Erik Condra and loses puck.
10:21 of 2nd period - Penalty to Dennis Everberg is over, Dennis Everberg is back on ice.
10:24 of 2nd period - Slapshot by Phil McRae.
10:24 of 2nd period - Deflect By Billy Sweat.
10:24 of 2nd period - Shot Misses the Net.
10:24 of 2nd period - Puck is out of play.
10:25 of 2nd period - Billy Sweat wins face-off versus William Karlsson in Sewer Rats zone.
10:34 of 2nd period - Snap shot by Billy Sweat.
10:34 of 2nd period - Deflect By Phil McRae.
10:34 of 2nd period - Stopped by Marek Mazanek without a rebound.
10:35 of 2nd period - William Karlsson wins face-off versus Spencer Machacek in Sewer Rats zone.
10:35 of 2nd period - William Karlsson is hit by James Wright.
10:38 of 2nd period - Minor Penalty to Connor Carrick for Interference.
10:39 of 2nd period - Michael Latta wins face-off versus Erik Condra in Sewer Rats zone.
10:39 of 2nd period - Slapshot by James Wright.
10:39 of 2nd period - Stopped by Marek Mazanek with a rebound.
12:05 of 2nd period - Seth Helgeson is hit by Tomas Tatar and loses puck.
12:22 of 2nd period - Jarred Tinordi is hit by Spencer Machacek.
12:32 of 2nd period - Robert Bortuzzo is hit by Jarred Tinordi and loses puck.
12:38 of 2nd period - Penalty to Connor Carrick is over, Connor Carrick is back on ice.
12:39 of 2nd period - Robert Bortuzzo is hit by Steven Kampfer and loses puck.
13:01 of 2nd period - Minor Penalty to Derek Forbort for Roughing.
13:02 of 2nd period - James Wright wins face-off versus Jonathan Marchessault in Demolitions zone.
13:39 of 2nd period - Dennis Everberg is hit by Erik Condra and loses puck.
14:10 of 2nd period - Robert Bortuzzo is hit by Jarred Tinordi and loses puck.
14:21 of 2nd period - Jarred Tinordi is hit by Spencer Machacek and loses puck.
14:26 of 2nd period - Wrist shot by Spencer Machacek.
14:26 of 2nd period - Stopped by Marek Mazanek with a rebound.
15:01 of 2nd period - Penalty to Derek Forbort is over, Derek Forbort is back on ice.
15:06 of 2nd period - Robert Bortuzzo is hit by Martin Frk.
15:10 of 2nd period - William Karlsson is hit by Spencer Machacek and loses puck.
16:02 of 2nd period - Joel Edmundson is hit by Spencer Machacek and loses puck.
16:31 of 2nd period - Derek Forbort is hit by Anthony Duclair and loses puck.
16:42 of 2nd period - Mark Mancari is hit by Joel Vermin and loses puck.
16:48 of 2nd period - Icing by Mark Mancari.
16:49 of 2nd period - Phil McRae wins face-off versus Jonathan Marchessault in Sewer Rats zone.
17:18 of 2nd period - Minor Penalty to Daniel Carr for High sticking.
17:19 of 2nd period - Mark Mancari wins face-off versus James Wright in Sewer Rats zone.
17:19 of 2nd period - Mark Mancari is hit by Michael Latta.
17:27 of 2nd period - Dennis Everberg is hit by Mark Mancari and loses puck.
17:44 of 2nd period - John Ramage is hit by Spencer Machacek and loses puck.
18:13 of 2nd period - Slapshot by Jarred Tinordi.
18:13 of 2nd period - Shot Blocked by Cameron Schilling.
18:15 of 2nd period - Wrist shot by Jonathan Marchessault.
18:15 of 2nd period - Shot Misses the Net.
18:17 of 2nd period - Slapshot by Jarred Tinordi.
18:17 of 2nd period - Stopped by Connor Hellebyuk without a rebound.
18:18 of 2nd period - Dennis Everberg wins face-off versus Tomas Tatar in Demolitions zone.
18:23 of 2nd period - Wrist shot by Dennis Everberg.
18:23 of 2nd period - Goal by Dennis Everberg - Sewer Rats : 2 - Demolitions : 4.
18:24 of 2nd period - Jonathan Marchessault wins face-off versus James Wright in neutral zone.
18:59 of 2nd period - Jonathan Marchessault is hit by Corban Knight and loses puck.
19:14 of 2nd period - Slapshot by Erik Condra.
19:14 of 2nd period - Stopped by Connor Hellebyuk with a rebound.
19:16 of 2nd period - Wrist shot by Vincent Trocheck.
19:16 of 2nd period - Goal by Vincent Trocheck - Sewer Rats : 3 - Demolitions : 4.
19:17 of 2nd period - James Wright wins face-off versus Vincent Trocheck in neutral zone.
Goals for this period are 1 for Sewer Rats vs 2 for Demolitions.
Shots for this period are 6 for Sewer Rats vs 11 for Demolitions.
3rd period
0:01 of 3rd period - James Wright wins face-off versus Jonathan Marchessault in neutral zone.
0:04 of 3rd period - Backhand shot by Seth Helgeson.
0:04 of 3rd period - Deflect By James Wright.
0:04 of 3rd period - Stopped by Marek Mazanek with a rebound.
0:10 of 3rd period - Steven Kampfer is hit by Seth Helgeson and loses puck.
0:27 of 3rd period - Michael Latta is hit by Erik Condra and loses puck.
1:00 of 3rd period - Wrist shot by Phil McRae.
1:00 of 3rd period - Stopped by Marek Mazanek with a rebound.
1:10 of 3rd period - Wrist shot by Daniel Carr.
1:10 of 3rd period - Stopped by Connor Hellebyuk with a rebound.
1:16 of 3rd period - Erik Condra is hit by Brandon McMillan and loses puck.
1:29 of 3rd period - Slapshot by Tomas Tatar.
1:29 of 3rd period - Shot Misses the Net.
1:31 of 3rd period - Snap shot by Mark Mancari.
1:31 of 3rd period - Stopped by Connor Hellebyuk without a rebound.
1:32 of 3rd period - Jonathan Marchessault wins face-off versus James Wright in Demolitions zone.
1:51 of 3rd period - Wrist shot by Spencer Machacek.
1:51 of 3rd period - Stopped by Marek Mazanek without a rebound.
1:52 of 3rd period - Michael Latta wins face-off versus William Karlsson in Sewer Rats zone.
3:08 of 3rd period - Slapshot by Dennis Everberg.
3:08 of 3rd period - Goal by Dennis Everberg - Sewer Rats : 3 - Demolitions : 5.
3:08 of 3rd period - Antoine Bibeau enters game.
3:09 of 3rd period - James Wright wins face-off versus Jonathan Marchessault in neutral zone.
3:22 of 3rd period - Slapshot by James Wright.
3:22 of 3rd period - Deflect By Jonathan Marchessault.
3:22 of 3rd period - Stopped by Antoine Bibeau with a rebound.
3:36 of 3rd period - Jonathan Blum is hit by Martin Frk and loses puck.
3:41 of 3rd period - Wrist shot by Martin Frk.
3:41 of 3rd period - Stopped by Connor Hellebyuk with a rebound.
3:43 of 3rd period - Snap shot by William Karlsson.
3:43 of 3rd period - Goal by William Karlsson - Sewer Rats : 4 - Demolitions : 5.
3:44 of 3rd period - James Wright wins face-off versus Jonathan Marchessault in neutral zone.
3:49 of 3rd period - Wrist shot by Spencer Machacek.
3:49 of 3rd period - Shot Misses the Net.
4:09 of 3rd period - Seth Helgeson is hit by William Karlsson.
4:25 of 3rd period - Icing by Michael Latta.
4:26 of 3rd period - Jonathan Marchessault wins face-off versus Michael Latta in Demolitions zone.
4:31 of 3rd period - Snap shot by Mark Mancari.
4:31 of 3rd period - Shot Misses the Net.
4:33 of 3rd period - Slapshot by Joel Edmundson.
4:33 of 3rd period - Shot Blocked by Cameron Schilling.
4:35 of 3rd period - Slapshot by Joel Edmundson.
4:35 of 3rd period - Shot Blocked by Cameron Schilling.
4:37 of 3rd period - Slapshot by John Ramage.
4:37 of 3rd period - Shot Blocked by Lane MacDermid.
4:39 of 3rd period - Snap shot by Tomas Tatar.
4:39 of 3rd period - Stopped by Connor Hellebyuk without a rebound.
4:40 of 3rd period - James Wright wins face-off versus Jonathan Marchessault in Demolitions zone.
4:53 of 3rd period - Snap shot by Spencer Machacek.
4:53 of 3rd period - Stopped by Antoine Bibeau without a rebound.
4:54 of 3rd period - Vincent Trocheck wins face-off versus James Wright in Sewer Rats zone.
6:01 of 3rd period - Snap shot by Billy Sweat.
6:01 of 3rd period - Shot Blocked by John Ramage.
6:03 of 3rd period - Wrist shot by Joel Vermin.
6:03 of 3rd period - Stopped by Antoine Bibeau with a rebound.
6:05 of 3rd period - Snap shot by Billy Sweat.
6:05 of 3rd period - Shot Blocked by Joel Edmundson.
6:07 of 3rd period - Slapshot by Taylor Aronson.
6:07 of 3rd period - Shot Misses the Net.
6:09 of 3rd period - Snap shot by Joel Vermin.
6:09 of 3rd period - Stopped by Antoine Bibeau with a rebound.
6:19 of 3rd period - Erik Cole is hit by Erik Condra.
6:31 of 3rd period - Slapshot by Joel Edmundson.
6:31 of 3rd period - Stopped by Connor Hellebyuk with a rebound.
7:05 of 3rd period - Snap shot by Corban Knight.
7:05 of 3rd period - Shot Blocked by Anthony Duclair.
7:43 of 3rd period - Minor Penalty to Spencer Machacek for Interference.
7:44 of 3rd period - James Wright wins face-off versus Jonathan Marchessault in Demolitions zone.
7:59 of 3rd period - Slapshot by Steven Kampfer.
7:59 of 3rd period - Shot Blocked by James Wright.
8:21 of 3rd period - Slapshot by Steven Kampfer.
8:21 of 3rd period - Deflect By Corban Knight.
8:21 of 3rd period - Goal by Steven Kampfer - Sewer Rats : 5 - Demolitions : 5.
8:22 of 3rd period - Jonathan Marchessault wins face-off versus Erik Cole in neutral zone.
8:37 of 3rd period - Snap shot by Erik Cole.
8:37 of 3rd period - Shot Blocked by Steven Kampfer.
9:20 of 3rd period - Anthony Duclair is hit by Jonathan Blum and loses puck.
10:16 of 3rd period - Snap shot by Billy Sweat.
10:16 of 3rd period - Shot Misses the Net.
10:28 of 3rd period - Wrist shot by Michael Latta.
10:28 of 3rd period - Shot Blocked by Ryan Murphy.
10:46 of 3rd period - William Karlsson is hit by Erik Cole and loses puck.
10:59 of 3rd period - Wrist shot by Corban Knight.
10:59 of 3rd period - Shot Misses the Net.
11:20 of 3rd period - Snap shot by Nick Cousins.
11:20 of 3rd period - Shot Misses the Net.
11:42 of 3rd period - Derek Forbort is hit by Jarred Tinordi.
12:26 of 3rd period - Wrist shot by Mark Mancari.
12:26 of 3rd period - Deflect By Spencer Machacek.
12:26 of 3rd period - Stopped by Connor Hellebyuk with a rebound.
12:28 of 3rd period - Wrist shot by Jonathan Marchessault.
12:28 of 3rd period - Stopped by Connor Hellebyuk with a rebound.
12:35 of 3rd period - Icing by Derek Forbort.
12:36 of 3rd period - Corban Knight wins face-off versus Nick Cousins in Demolitions zone.
12:36 of 3rd period - Corban Knight is hit by Joel Edmundson.
12:46 of 3rd period - Taylor Aronson is hit by Nick Cousins and loses puck.
13:03 of 3rd period - Snap shot by Phil McRae.
13:03 of 3rd period - Shot Misses the Net.
13:05 of 3rd period - Snap shot by Cameron Schilling.
13:05 of 3rd period - Shot Blocked by Steven Kampfer.
13:07 of 3rd period - Slapshot by Robert Bortuzzo.
13:07 of 3rd period - Shot Blocked by Steven Kampfer.
14:09 of 3rd period - Wrist shot by Brandon McMillan.
14:09 of 3rd period - Shot Misses the Net.
14:11 of 3rd period - Slapshot by Jonathan Blum.
14:11 of 3rd period - Stopped by Antoine Bibeau without a rebound.
14:12 of 3rd period - Jonathan Marchessault wins face-off versus James Wright in Sewer Rats zone.
14:12 of 3rd period - Jonathan Marchessault is hit by James Wright.
14:26 of 3rd period - Tomas Tatar is hit by Spencer Machacek and loses puck.
15:15 of 3rd period - Minor Penalty to Corban Knight for Hooking.
15:16 of 3rd period - James Wright wins face-off versus Mark Mancari in Demolitions zone.
15:47 of 3rd period - Slapshot by Joel Edmundson.
15:47 of 3rd period - Goal by Joel Edmundson - Sewer Rats : 6 - Demolitions : 5.
15:48 of 3rd period - James Wright wins face-off versus William Karlsson in neutral zone.
16:18 of 3rd period - Snap shot by Michael Latta.
16:18 of 3rd period - Shot Misses the Net.
16:24 of 3rd period - Wrist shot by Michael Latta.
16:24 of 3rd period - Stopped by Antoine Bibeau with a rebound.
16:26 of 3rd period - Minor Penalty to Tomas Tatar for Hooking.
16:27 of 3rd period - Mark Mancari wins face-off versus James Wright in Sewer Rats zone.
16:42 of 3rd period - Steven Kampfer is hit by Michael Latta and loses puck.
16:55 of 3rd period - Minor Penalty to Spencer Machacek for Hooking.
16:56 of 3rd period - James Wright wins face-off versus Mark Mancari in Demolitions zone.
17:04 of 3rd period - Slapshot by James Wright.
17:04 of 3rd period - Goal by James Wright - Sewer Rats : 6 - Demolitions : 6.
17:05 of 3rd period - James Wright wins face-off versus Mark Mancari in neutral zone.
17:50 of 3rd period - Slapshot by Cameron Schilling.
17:50 of 3rd period - Stopped by Antoine Bibeau without a rebound.
17:51 of 3rd period - James Wright wins face-off versus William Karlsson in Sewer Rats zone.
18:19 of 3rd period - Off-side.
18:20 of 3rd period - Billy Sweat wins face-off versus Jonathan Marchessault in neutral zone.
18:26 of 3rd period - Penalty to Tomas Tatar is over, Tomas Tatar is back on ice.
18:29 of 3rd period - Snap shot by Billy Sweat.
18:29 of 3rd period - Stopped by Antoine Bibeau with a rebound.
18:55 of 3rd period - Penalty to Spencer Machacek is over, Spencer Machacek is back on ice.
19:01 of 3rd period - Snap shot by Tomas Tatar.
19:01 of 3rd period - Shot Misses the Net.
19:03 of 3rd period - Slapshot by Joel Edmundson.
19:03 of 3rd period - Stopped by Connor Hellebyuk without a rebound.
19:04 of 3rd period - Jonathan Marchessault wins face-off versus Michael Latta in Demolitions zone.
19:17 of 3rd period - Icing by Tomas Tatar.
19:18 of 3rd period - Martin Frk wins face-off versus Michael Latta in Sewer Rats zone.
19:22 of 3rd period - Off-side.
19:23 of 3rd period - Michael Latta wins face-off versus William Karlsson in neutral zone.
19:32 of 3rd period - Backhand shot by Martin Frk.
19:32 of 3rd period - Stopped by Connor Hellebyuk with a rebound.
19:34 of 3rd period - Slapshot by Martin Frk.
19:34 of 3rd period - Shot Blocked by Jonathan Blum.
19:36 of 3rd period - Snap shot by Steven Kampfer.
19:36 of 3rd period - Deflect By Dennis Everberg.
19:36 of 3rd period - Stopped by Connor Hellebyuk with a rebound.
19:38 of 3rd period - Slapshot by Steven Kampfer.
19:38 of 3rd period - Stopped by Connor Hellebyuk with a rebound.
19:48 of 3rd period - Seth Helgeson is hit by Tomas Tatar and loses puck.
Goals for this period are 3 for Sewer Rats vs 2 for Demolitions.
Shots for this period are 14 for Sewer Rats vs 13 for Demolitions.
Overtime #1
0:01 of 1st overtime period - Mark Mancari wins face-off versus James Wright in neutral zone.
0:08 of 1st overtime period - Icing by Erik Cole.
0:09 of 1st overtime period - Mark Mancari wins face-off versus James Wright in Demolitions zone.
0:10 of 1st overtime period - Snap shot by Erik Condra.
0:10 of 1st overtime period - Goal by Erik Condra - Sewer Rats : 7 - Demolitions : 6.
Goals for this period are 1 for Sewer Rats vs 0 for Demolitions.
Shots for this period are 1 for Sewer Rats vs 0 for Demolitions.
Back to the Top